 Dungeon Crawl Stone Soup version 0.25-a0-510-ge065f6de7d (webtiles) character file.

Game seed: 7506493056104421869, levelgen mode: deterministic

114 DerDa the Magician (level 4, 0/30 HPs)
             Began as a Demonspawn Wizard on Feb 15, 2020.
             Slain by a crimson imp
             ... wielding a +1 dagger of chaos
              (17 damage)
             ... on level 3 of the Dungeon.
             The game lasted 00:07:55 (2276 turns).

DerDa the Magician (Demonspawn Wizard)              Turns: 2276, Time: 00:07:56

Health: 0/30       AC: 10    Str:  8    XL:     4   Next: 66%
Magic:  0/10       EV: 12    Int: 20    God:
Gold:   104        SH:  0    Dex: 11    Spells: 2/11 levels left

rFire    . . .     SeeInvis .   w - +0 long sword
rCold    . . .     Gourm    .   (no shield)
rNeg     + . .     Faith    .   a - +0 robe
rPois    .         Spirit   +   b - +0 hat
rElec    .         Reflect  .   c - +1 cloak
rCorr    .         Harm     .   (no gloves)
MR       .....                  (no boots)
Stlth    ++........             (no amulet)
HPRegen  0.10/turn              m - +6 ring of protection
MPRegen  0.12/turn              y - ring of positive energy

@: very slightly contaminated, lightly drained
A: powered by death 2, magic shield
a: no special abilities


You were on level 3 of the Dungeon.
You were not hungry.

You visited 1 branch of the dungeon, and saw 3 of its levels.

You collected 104 gold pieces.

Inventory:

Hand Weapons
 e - a +0 spear
 w - a +0 long sword (weapon)
Missiles
 f - 78 stones
 j - 41 sling bullets
 q - 25 bolts
 x - 3 poisoned darts (quivered)
Armour
 a - a +0 robe (worn)
 b - a +0 hat (worn)
 c - a +1 cloak (worn)
 g - a +0 buckler
 r - a cursed +0 leather armour
Jewellery
 m - a +6 ring of protection (left hand)
 y - a ring of positive energy (right hand)
Scrolls
 k - a scroll of blinking {unknown}
 l - 2 scrolls of identify
 o - a scroll of noise {unknown}
 s - a scroll of enchant weapon {unknown}
 t - a scroll of fear {unknown}
 u - a scroll of teleportation {unknown}
Potions
 h - a potion of heal wounds
 n - a potion of brilliance {unknown}
 p - a potion of might {unknown}
Comestibles
 d - 2 rations


   Skills:
 - Level 1.7(1.6) Dodging
 - Level 1.7(1.6) Stealth
 * Level 4.0(3.9) Spellcasting
 * Level 3.0(2.9) Conjurations
   Level 1.0(0.9) Summonings
 - Level 0.8(0.7) Translocations
 + Level 0.6(0.5) Air Magic
 + Level 0.8(0.6) Poison Magic


You had 2 spell levels left.
You knew the following spells:

 Your Spells              Type           Power        Failure   Level  Hunger
a - Magic Dart            Conj           ###.         3%          1    None
b - Mephitic Cloud        Conj/Pois/Air  #.......     22%         3    ###....
c - Conjure Flame         Conj/Fire      #.......     22%         3    ###....
q - Blink                 Tloc           N/A          14%         2    ##.....

Your spell library contained the following spells:

 Spells                   Type           Power        Failure   Level  Hunger
 Call Imp                 Summ           #.......     14%         2    ##.....
 Slow                     Hex            #.......     21%         2    ##.....


Dungeon Overview and Level Annotations

Branches:
Dungeon (3/15)

Altars:
Xom


Innate Abilities, Weirdness & Mutations

You regenerate health from kills.
When hurt, damage is shared between your health and your magic reserves.


Message History

Casting: Magic Dart (safe; 3% risk of failure)
Confirm with . or Enter, or press ? or * to list all spells.
Aiming: Magic Dart (safe; 3% risk of failure)
Press: ? - help, Shift-Dir - straight line, f/p - crimson imp
Aim: a crimson imp, wielding a +1 dagger of chaos The magic dart hits the crimson imp.
The crimson imp is lightly wounded.
The crimson imp hits you but does no damage.
You are electrocuted!
Okay, then.
As you read the scroll labeled WENUEPPE LEOC, it crumbles to dust.
It is a scroll of identify.
i - a potion of curing You feel sick.
The crimson imp hits you but does no damage.
You feel better.
The crimson imp blinks!
The crimson imp hits you but does no damage.
You are electrocuted!!
Ouch! That really hurt!
You die...

#########.######.##########
#.........####.....#
##.##...........###.#
................# #.# ###
#.##.#5#######.###.# .. ...
#....# #.>...##.# ###
#..#.### #.#.###...
.....#..5## #.#.# #..#
#....######@# #.#.# #..#
..... #§#§#5# #.#.# #..#
.... #^#^#§# #.#.# #..#
#..# #.5.#)###.#.# #÷.# ...
+._.'...#.#.# #<.#
#.5.#...#.#.###..#
#5#.#5...........##### #
#5#...########......
###...# #######


You could see 3 crimson imps.

Vanquished Creatures
  A crimson imp (D:3)
  3 adders (D:3)
  A worm (D:3)
  2 dart slugs
  A leopard gecko (D:2)
  An orc (D:3)
  6 bats
  2 giant cockroaches (D:2)
  5 goblins
  6 hobgoblins
  4 frilled lizards
  8 kobolds
  7 rats
47 creatures vanquished.

Notes
Turn   | Place    | Note
-------+----------+-------------------------------------------
     0 | D:1      | DerDa the Demonspawn Wizard began the quest for the Orb.
     0 | D:1      | Reached XP level 1. HP: 13/13 MP: 4/4
   303 | D:1      | Gained mutation: You regenerate a little health from kills.
                  | [demonic ancestry]
   303 | D:1      | Reached XP level 2. HP: 17/19 MP: 0/6
  1047 | D:2      | Gained mutation: You regenerate health from kills. [demonic
                  | ancestry]
  1047 | D:2      | Reached XP level 3. HP: 18/24 MP: 0/8
  2035 | D:3      | Learned a level 3 spell: Mephitic Cloud
  2039 | D:3      | Learned a level 3 spell: Conjure Flame
  2042 | D:3      | Learned a level 2 spell: Blink
  2145 | D:3      | Gained mutation: When hurt, damage is shared between your
                  | health and your magic reserves. [demonic ancestry]
  2145 | D:3      | Reached XP level 4. HP: 30/30 MP: 2/9
  2165 | D:3      | Found a shimmering altar of Xom.
  2238 | D:3      | Reached skill level 4 in Spellcasting
  2276 | D:3      | Slain by a crimson imp

Levels and vault maps discovered:
D:1:      eino_arrival_water_cross, layout_basic
D:2:      layout_loops_corners
D:3:      layout_loops_ring, nicolae_overflow_hidden_temple, first_ration,
          led_xom_imps

Skill      XL: |  1  2  3  4 |
---------------+-------------+-----
Conjurations   | 2 3 |  3.0
Spellcasting   | 4 |  4.0
Dodging        | |  1.7
Stealth        | |  1.7
Summonings     | |  1.0
Translocations | |  0.8
Air Magic      | |  0.6
Poison Magic   | |  0.8

Action                   |  1- 3 |  4- 6 || total
-------------------------+-------+-------++-------
Melee: Spear             |    14 |       ||    14
       Long sword        |     5 |    36 ||    41
Throw: Stone             |     1 |       ||     1
       Dart              |       |     2 ||     2
 Cast: Magic Dart        |   108 |    15 ||   123
  Use: Potion            |       |     2 ||     2
       Scroll            |       |     1 ||     1
  Eat: Chunk             |     4 |       ||     4
Armor: Robe              |    10 |    34 ||    44
Dodge: Dodged            |    37 |    34 ||    71
       Rpst.: Long sword |     1 |    12 ||    13

Table legend:
 A = Non-vault XP
 B = Vault XP
 C = Vault XP percentage of total XP
 D = Non-vault monster count
 E = Vault monster count
 F = Vault count percentage of total count
                 A         B        C        D         E       F
            +---------+---------+-------+---------+---------+-------
      Total |     113 |      50 |  30.7 |      46 |       1 |   2.1
            +---------+---------+-------+---------+---------+-------
        D:1 |      31 |       0 |   0.0 |      19 |       0 |   0.0
        D:2 |      31 |       0 |   0.0 |      19 |       0 |   0.0
        D:3 |      51 |      50 |  49.5 |       8 |       1 |  11.1
            +---------+---------+-------+---------+---------+-------
